 Dungeon Crawl Stone Soup version 0.18-a0-1045-g4e042de (webtiles) character file.

95 namelastname112 the Magician (level 4, -2/37 HPs)
             Began as a Draconian Wizard on Jan 11, 2016.
             Slain by an orc priest
             ... wielding a +0 short sword
              (9 damage)
             ... on level 2 of the Dungeon.
             The game lasted 00:03:16 (2039 turns).

namelastname112 the Magician (Draconian Wizard)     Turns: 2039, Time: 00:03:17

Health: -2/37      AC:  5    Str:  5 (9)  XL:     4   Next: 39%
Magic:  8/8        EV: 18    Int: 18      God:
Gold:   48         SH:  0    Dex: 16      Spells: 1 memorised, 8 levels left

rFire  . . .     SeeInvis .     e - +0 spear
rCold  . . .     Gourm    .     (armour unavailable)
rNeg   . . .     Faith    .     (no shield)
rPois  .         Spirit   .     a - +0 hat
rElec  .         Dismiss  .     (no cloak)
rCorr  .         Reflect  .     (no gloves)
SustAt .         Harm     .     (no boots)
MR     +....                    (no amulet)
Stlth  +++.......               (no ring)
                                j - ring of protection from magic

@: agile, somewhat resistant to hostile enchantments, fairly stealthy
A: unfitting armour, cold-blooded, AC +5
a: no special abilities


You were on level 2 of the Dungeon.
You were not hungry.

You visited 1 branch of the dungeon, and saw 3 of its levels.

You collected 48 gold pieces.

Inventory:

Hand Weapons
 e - a +0 spear (weapon)
Missiles
 d - 11 curare-tipped needles
 i - 9 poisoned needles
Armour
 a - a +0 hat (worn)
 o - a +0 shield
Jewellery
 j - a ring of protection from magic (left hand)
 p - an uncursed ring of fire
Scrolls
 h - a scroll of recharging {unknown}
 l - a scroll of noise {unknown}
 m - 4 scrolls of identify {unknown}
 q - a scroll of fog {unknown}
 t - a scroll of fear {unknown}
Potions
 k - a potion of curing {unknown}
 n - a potion of magic {unknown}
Books
 b - a book of Minor Magic

   Spells                             Type                      Level
   a - Magic Dart                     Conjuration                  1
   b - Blink                          Translocation                2
   c - Call Imp                       Summoning                    2
   d - Repel Missiles                 Charms/Air                   2
   e - Slow                           Hexes                        2
   f - Conjure Flame                  Conjuration/Fire             3
   g - Mephitic Cloud                 Conjuration/Poison/Air       3
Comestibles
 c - 3 bread rations
 r - 3 fruits
 s - a chunk of flesh


   Skills:
 + Level 2.3 Fighting
 + Level 2.4 Dodging
 - Level 1.7 Stealth
 * Level 2.6 Unarmed Combat
 - Level 3.0 Spellcasting
 - Level 1.0 Conjurations
   Level 1.0 Summonings
   Level 1.0 Translocations


You had 8 spell levels left.
You knew the following spells:

 Your Spells              Type           Power        Failure   Level  Hunger
z - Magic Dart            Conj           #...         12%         1    None


Dungeon Overview and Level Annotations

Branches:
Dungeon (3/15)

Altars:
Ashenzari


Innate Abilities, Weirdness & Mutations

Your plain brown scales are hard (AC +5).
Your body does not fit into most forms of armour.
You are cold-blooded and may be slowed by cold attacks.


Message History

* * * LOW HITPOINT WARNING * * *
Drink which item? (? for menu, Esc to quit)
It was a potion of agility.
You feel agile all of a sudden. The quokka closely misses you.
The orc priest closely misses you.
Drink which item? (? for menu, Esc to quit)
It was a potion of degeneration.
There was something very wrong with that liquid.
You feel weakened. The quokka completely misses you.
The orc priest completely misses you.
Unknown command.
You hit the orc priest but do no damage.
The quokka bites you but does no damage.
The orc priest closely misses you.
You closely miss the orc priest.
You tail-slap the orc priest, but do no damage.
The quokka bites you.
* * * LOW HITPOINT WARNING * * *
The orc priest hits you with a short sword!
You die...

#.# #.# #########
#######.#####.###.......###
#.......................)..
#######.####.####..........
####.####.# ##....#....#
##....#....###..#######..
##...............# ###
#.........o......# #
#........@...#####
#........r...#
##<.........#######
######........)......# ####
#......#...##.######.##
##... #......(......#
#..###..## #......#.##..##
##........ #......#.##..#
####..#... ########.##..##
##.........


You could see an orc priest and a quokka.

Vanquished Creatures
  3 adders
  An ooze (D:3)
  A worm (D:2)
  A giant gecko (D:2)
  An orc (D:3)
  10 bats
  2 giant cockroaches
  4 hobgoblins
  11 jackals
  A giant newt (D:1)
  9 goblins
  6 kobolds
  4 rats
54 creatures vanquished.

Notes
Turn   | Place    | Note
--------------------------------------------------------------
     0 | D:1      | namelastname112 the Draconian Wizard began the quest for the Orb.
     0 | D:1      | Reached XP level 1. HP: 14/14 MP: 4/4
   188 | D:1      | Reached skill level 1 in Fighting
   214 | D:1      | Reached XP level 2. HP: 23/23 MP: 6/6
   218 | D:1      | Reached skill level 1 in Unarmed Combat
   264 | D:1      | Found a shattered altar of Ashenzari.
   543 | D:2      | Reached XP level 3. HP: 18/29 MP: 3/7
  1421 | D:3      | Reached XP level 4. HP: 12/36 MP: 4/8
  2039 | D:2      | Slain by an orc priest

Vault maps used:
D:1:      dpeg_arrival_central, ashenzari_altar_1
D:3:      nicolae_overflow_hidden_temple

Action                   |  1- 3 |  4- 6 || total
-------------------------+-------+-------++-------
Melee: Spear             |   122 |    92 ||   214
 Cast: Magic Dart        |    20 |     3 ||    23
  Use: Potion            |       |     2 ||     2
 Stab: Sleeping          |     1 |       ||     1
  Eat: Chunk             |     1 |     3 ||     4
